 Dungeon Crawl Stone Soup version 0.29.1-1-gd02db6906a (webtiles) character file.

Game seed: 11943145761073862152

10659 leavemydog the Thaumaturge (level 11, -10/60 HPs)
             Began as a Deep Elf Conjurer on Sept 22, 2022.
             Was a Priest of Vehumet.
             Mangled by a cyan ugly thing (12 damage)
             ... on level 11 of the Dungeon.
             The game lasted 00:24:52 (14345 turns).

leavemydog the Thaumaturge (Deep Elf Conjurer)     Turns: 14345, Time: 00:24:53

Health: -10/60     AC: 12    Str:  4    XL:     11   Next: 39%
Magic:  18/31      EV: 12    Int: 34    God:    Vehumet [***...]
Gold:   1565       SH:  5    Dex: 13    Spells: 27/38 levels left

rFire   . . .      SeeInvis .   r - staff of conjuration
rCold   . . .      Faith    .   (no shield)
rNeg    . . .      Spirit   .   o - +0 steam dragon scales
rPois   .          Reflect  +   (helmet restricted)
rElec   .          Harm     .   d - +1 cloak
rCorr   .          Rampage  .   E - +2 pair of gloves
Will    +....                   (no boots)
Stlth   ++........              I - amulet of reflection
HPRegen 0.20/turn               l - +6 ring of intelligence
MPRegen 0.22/turn               L - ring of wizardry

@: no status effects
A: antennae 1, iridescent scales 1
a: Renounce Religion


You were on level 11 of the Dungeon.
You worshipped Vehumet.
Vehumet was most pleased with you.
You visited 2 branches of the dungeon, and saw 12 of its levels.

You collected 1670 gold pieces.
You spent 105 gold pieces at shops.

Inventory:

Hand Weapons
 y - a +0 dagger of venom
Missiles
 v - 6 javelins
 K - a throwing net
Armour
 d - a +1 cloak (worn)
 o - +0 steam dragon scales (worn)
 C - a +2 robe of fire resistance
 E - a +2 pair of gloves (worn)
Magical Staves
 r - a staff of conjuration (weapon)
Jewellery
 g - a ring of protection from fire
 l - a +6 ring of intelligence (left hand)
 x - a ring of protection from cold
 F - an amulet of regeneration
 I - an amulet of reflection (around neck)
 L - a ring of wizardry (right hand)
Wands
 m - a wand of flame (21)
 z - a wand of polymorph (18)
 A - a wand of quicksilver (3)
 G - a wand of paralysis (10)
 H - a wand of iceblast (12)
Scrolls
 e - 3 scrolls of torment
 f - a scroll of amnesia
 k - 3 scrolls of noise
 p - 6 scrolls of teleportation
 s - a scroll of magic mapping {unknown}
 t - a scroll of fear {unknown}
 u - 3 scrolls of blinking
 D - 2 scrolls of fog
 J - 2 scrolls of vulnerability {unknown}
 O - a scroll of identify
 P - a scroll of immolation {unknown}
Potions
 a - 2 potions of attraction {unknown}
 b - 2 potions of magic
 c - a potion of heal wounds
 h - 2 potions of flight {unknown}
 i - 4 potions of curing
 n - 2 potions of ambrosia
 q - 2 potions of brilliance {unknown}
 w - a potion of lignification {unknown}
 B - a potion of might {unknown}
 M - a potion of resistance
 N - a potion of berserk rage {unknown}


   Skills:
 * Level 3.4 Fighting
 - Level 2.4 Dodging
 - Level 2.4 Stealth
 + Level 0.6 Unarmed Combat
 + Level 14.3 Spellcasting
 + Level 12.1 Conjurations
 + Level 6.4 Hexes
 - Level 7.1 Translocations
 * Level 3.5 Earth Magic


You had 27 spell levels left.
You knew the following spells:

 Your Spells              Type           Power      Damage    Failure   Level
a - Magic Dart            Conj           100%       1d8       0%          1
b - Searing Ray           Conj           100%       2d8       0%          2
c - Iskenderun's Mystic   Conj/Tloc      94%        2d18      1%          4
d - Fulminant Prism       Conj/Hex       46%        3d21      1%          4

Your spell library contained the following spells:

 Spells                   Type           Power      Damage    Failure   Level
 Ignite Poison            Fire/Tmut/Pois 24%        N/A       1%          3
 Beastly Appendage        Tmut           48%        N/A       1%          1
 Ensorcelled Hibernation  Hex/Ice        92%        N/A       1%          2
 Passwall                 Tmut/Erth      30%        N/A       1%          2
 Sublimation of Blood     Necr           24%        N/A       1%          2
 Wereblood                Tmut           24%        N/A       1%          2
 Dazzling Flash           Conj/Hex       100%       N/A       1%          3
 Leda's Liquefaction      Hex/Erth       27%        N/A       1%          4
 Lee's Rapid Deconstruct  Erth           24%        3d14*     1%          5
 Spider Form              Tmut/Pois      24%        N/A       2%          3
 Swiftness                Air            24%        N/A       2%          3
 Summon Forest            Summ/Tloc      24%        N/A       4%          5
 Summon Mana Viper        Hex/Summ       46%        N/A       5%          5
 Statue Form              Tmut/Erth      24%        N/A       43%         6
 Summon Cactus Giant      Summ           12%        N/A       69%         6
 Summon Hydra             Summ           12%        N/A       99%         7


Dungeon Overview and Level Annotations

Branches:
Dungeon (11/15)            Temple (1/1) D:6            Lair (0/5) D:11
    Orc: D:9-12

Altars:
Ashenzari
Cheibriados
Dithmenos
Elyvilon
Fedhas
Gozag
Hepliaklqana
Kikubaaqudgha
Makhleb
Nemelex Xobeh
Okawaru
Qazlal
Ru
Sif Muna
Trog
Uskayaw
Vehumet
Wu Jian
Xom
Yredelemnul
Zin
The Shining One

Shops:
D:1 ?   D:3 !   D:5 (   D:10 [


Innate Abilities, Weirdness & Mutations

You have a pair of small antennae on your head.
You are partially covered in iridescent scales. (AC +2)


Message History

The orc warrior is almost dead.
Something unseen opens the door.
The orc warrior hits you with a +0 mace!
Casting: Searing Ray (safe; 0% risk of failure)
Confirm with . or Enter, or press ? or * to list all spells.
Okay, then.
The searing ray misses the orc warrior.
The orc priest shouts!
An orc priest comes into view. It is wielding a +0 war axe.
The orc warrior hits you with a +0 mace!
A cyclops comes into view.
The searing ray misses the orc warrior.
You finish channelling your searing ray.
The orc priest begins to cast a cantrip, but forgets the words!
The orc warrior barely misses you.
Casting: Searing Ray (safe; 0% risk of failure)
Confirm with . or Enter, or press ? or * to list all spells.
You feel a surge of power!
You erupt in a blast of force!
The mystic blast hits the orc warrior!!
You kill the orc warrior!
Vehumet accepts your kill.
The cyclops shouts!
You hear a horrible gurgling sound!
A komodo dragon comes into view.
Found a chain mail.
A cyan ugly thing comes into view.
A komodo dragon comes into view.
The komodo dragon hisses angrily.
A yak comes into view.
A manticore comes into view.
The orc priest looks encouraged for a moment.
The orc priest mumbles some strange prayers to Beogh against you.
Beogh smites you! The cyan ugly thing gores you.
The cyan ugly thing shocks you!
* * * LOW HITPOINT WARNING * * *
A cyan ugly thing opens the door.
You open the door. The cyan ugly thing gores you!
* * * LOW HITPOINT WARNING * * *
The cyan ugly thing shocks you!
You die...

##.####.##....+.♣....P...##
##.####.#######........## #
........# ##+#...# #
.###.##.# ..## # ..H.....##
##[#.##H.# .....##.o##
.#.#.....u### .l #.##.l.@.#
Y .. #.^.#..# #. #...##.+
.. .....# ## . #.##...# ..
#...# . #.#.# #.#.#


You could see a cyan ugly thing, a manticore, a komodo dragon and an orc priest.

Vanquished Creatures
  2 two-headed ogres
  A manticore (D:11)
  Joseph (D:7)
  An unseen horror (D:10)
  A komodo dragon (D:11)
  2 trolls
  2 slime creatures (D:5)
  Prince Ribbit (D:7)
  3 wyverns
  A wraith (D:10)
  5 steam dragons
  2 basilisks (D:11)
  Menkaure (D:7)
  4 water moccasins
  An ice beast (D:6)
  2 sky beasts
  4 orc warriors
  6 black bears
  A wolf (D:11)
  An ogre (D:6)
  3 centaurs
  2 phantoms
  6 kobold brigands
  2 bullfrogs
  A gnoll sergeant (D:9)
  6 scorpions
  12 wights
  16 killer bees
  3 howler monkeys
  2 jellies
  7 hounds
  10 orc priests
  Jessica (D:3)
  2 iguanas
  8 orc wizards
  Terence (D:2)
  12 adders
  11 gnolls
  A shadow imp (D:6)
  An ufetubus (D:5)
  A worm (D:2)
  2 dart slugs
  31 orcs
  9 ball pythons
  7 bats
  12 endoplasms
  2 giant cockroaches
  5 goblins
  8 hobgoblins
  4 quokkas
  A frilled lizard (D:2)
  21 kobolds
  6 rats
258 creatures vanquished.

Vanquished Creatures (others)
  14 fulminant prisms
  12 fungi
  12 plants (D:11)
  9 toadstools
47 creatures vanquished.

Grand Total: 305 creatures vanquished

Notes
Turn   | Place    | Note
-------+----------+-------------------------------------------
     0 | D:1      | leavemydog the Deep Elf Conjurer began the quest for the
                  | Orb.
     0 | D:1      | Reached XP level 1. HP: 10/10 MP: 6/6
   120 | D:1      | Reached XP level 2. HP: 15/15 MP: 0/8
   123 | D:1      | Learned a level 2 spell: Searing Ray
   197 | D:1      | Found a faded altar of an unknown god.
   320 | D:1      | Reached skill level 5 in Conjurations
   536 | D:1      | Found Modes's Magic Scroll Shoppe.
   539 | D:1      | Bought a scroll of identify for 28 gold pieces
   743 | D:2      | Noticed Terence
   749 | D:2      | Reached XP level 3. HP: 19/19 MP: 1/9
   820 | D:2      | Killed Terence
  1127 | D:2      | Reached XP level 4. HP: 24/24 MP: 4/11
  1133 | D:2      | Learned a level 4 spell: Iskenderun's Mystic Blast
  1755 | D:3      | Reached skill level 4 in Spellcasting
  1814 | D:3      | Noticed Jessica
  1818 | D:3      | Killed Jessica
  1819 | D:3      | Reached skill level 1 in Translocations
  1863 | D:3      | Reached XP level 5. HP: 28/28 MP: 9/13
  2185 | D:3      | Found a stormy altar of Qazlal.
  2446 | D:3      | Found Pesaeh's Distillery.
  2455 | D:3      | Bought a potion of degeneration for 11 gold pieces
  2455 | D:3      | Bought a potion of curing for 33 gold pieces
  2455 | D:3      | Bought a potion of curing for 33 gold pieces
  2807 | D:4      | Found an ornate altar of the Wu Jian Council.
  2918 | D:4      | Noticed a phantom
  2931 | D:4      | Killed a phantom
  2932 | D:4      | Reached skill level 5 in Spellcasting
  2932 | D:4      | Reached XP level 6. HP: 12/32 MP: 3/16
  3618 | D:4      | Gained mutation: You have a pair of small antennae on your
                  | head. [potion of mutation]
  3618 | D:4      | Gained mutation: You are partially covered in iridescent
                  | scales. (AC +2) [potion of mutation]
  4019 | D:5      | Entered Level 5 of the Dungeon
  4059 | D:5      | Found Egaav's Firing Range.
  4077 | D:5      | Reached skill level 6 in Spellcasting
  4187 | D:5      | Reached XP level 7. HP: 35/36 MP: 12/18
  4570 | D:5      | Reached skill level 7 in Spellcasting
  5436 | D:5      | Reached skill level 8 in Spellcasting
  5446 | D:5      | Reached XP level 8. HP: 13/41 MP: 7/22
  5830 | D:5      | Noticed a slime creature
  5834 | D:5      | Noticed a slime creature
  5848 | D:5      | Killed a slime creature
  5936 | D:5      | Killed a slime creature
  5937 | D:5      | Reached skill level 9 in Spellcasting
  6113 | D:5      | Learned a level 4 spell: Fulminant Prism
  6255 | D:6      | Reached skill level 1 in Hexes
  6339 | D:6      | Found a staircase to the Ecumenical Temple.
  6475 | Temple   | Entered the Ecumenical Temple
  6480 | Temple   | Became a worshipper of Vehumet
  6692 | D:6      | Reached skill level 10 in Spellcasting
  6692 | D:6      | Reached skill level 5 in Translocations
  6710 | D:6      | Reached XP level 9. HP: 25/45 MP: 13/25
  8111 | D:7      | Noticed Joseph
  8365 | D:7      | Reached skill level 11 in Spellcasting
  8365 | D:7      | Reached * piety under Vehumet
  8365 | D:7      | Offered knowledge of Freeze by Vehumet.
  8366 | D:7      | Reached skill level 10 in Conjurations
  8847 | D:7      | Noticed Prince Ribbit
  8854 | D:7      | Killed Prince Ribbit
  9229 | D:7      | Killed Joseph
  9230 | D:7      | Reached skill level 5 in Hexes
  9500 | D:7      | Found an opulent altar of Gozag.
  9515 | D:7      | Reached XP level 10. HP: 28/50 MP: 17/27
  9662 | D:7      | Noticed Menkaure
  9670 | D:7      | Killed Menkaure
  9716 | D:7      | Reached skill level 12 in Spellcasting
 11118 | D:8      | Offered knowledge of Poisonous Vapours by Vehumet.
 11119 | D:8      | Reached skill level 1 in Fighting
 11411 | D:9      | Reached ** piety under Vehumet
 11664 | D:9      | Identified a scroll of acquirement
 11665 | D:9      | Acquired 810 gold pieces
 11970 | D:9      | Reached skill level 13 in Spellcasting
 12290 | D:10     | Entered Level 10 of the Dungeon
 12389 | D:10     | Found Qaoto Tuisif's Antique Armour Shoppe.
 12420 | D:10     | Noticed a two-headed ogre
 12424 | D:10     | Killed a two-headed ogre
 12425 | D:10     | Reached skill level 1 in Earth Magic
 12762 | D:10     | Reached XP level 11. HP: 58/58 MP: 12/30
 12800 | D:10     | Offered knowledge of Conjure Flame by Vehumet.
 12923 | D:10     | Identified the +9 great mace "Goskua" {antimagic, *Slow
                  | rPois rC- Dex+10}
 13090 | D:10     | Found a sacrificial altar of Ru.
 13090 | D:10     | Found a white marble altar of Elyvilon.
 13098 | D:10     | Found a sparkling altar of Nemelex Xobeh.
 13100 | D:10     | Found a glowing golden altar of the Shining One.
 13102 | D:10     | Found a bloodstained altar of Trog.
 13304 | D:11     | Found a staircase to the Lair.
 13604 | D:11     | Noticed a two-headed ogre
 13612 | D:11     | Killed a two-headed ogre
 13612 | D:11     | Reached *** piety under Vehumet
 13613 | D:11     | Reached skill level 14 in Spellcasting
 14322 | D:11     | Offered knowledge of Ignite Poison by Vehumet.
 14336 | D:11     | Noticed a cyan ugly thing
 14345 | D:11     | HP: 2/60 [cyan ugly thing (12)]
 14345 | D:11     | Mangled by a cyan ugly thing

Illustrated notes

Levels and vault maps discovered:
D:1:      grunt_arrival_lava_bath, layout_rooms, serial_shops,
          nicolae_shop_behind_doors, basic_ecumenical_altar
D:2:      layout_rooms, minmay_heptomino_d4, uniq_terence
D:3:      layout_rooms, old_standard_altar, serial_shops, shop,
          nicolae_concentric_dashed_squares_wild, feat_on_display, uniq_jessica
D:4:      layout_layer_cave, nicolae_overflow_crystal_walls,
          minmay_fractal_squares_diagonal_5
D:5:      cheibrodos_fertilizer, layout_basic, nicolae_shop_firing_range
D:6:      layout_basic, minmay_temple_entry_overgrown, minmay_gold_behind_fungi,
          chequers_decorated_corner
D:7:      layout_cave_pools, nicolae_gozag_cash_rules_everything_around_me,
          grunt_ministairs_11, grunt_decor_fettered, hex_large, uniq_joseph,
          uniq_menkaure, uniq_prince_ribbit1
D:8:      layout_basic
D:9:      layout_roguey
D:10:     layout_loops_ring, chequers_temple_overflow_minitemple, serial_shops,
          nicolae_shop_stone
D:11:     layout_roguey, minmay_lair_entry_grove, nicolae_lava_and_water,
          minmay_diced_spiral, uniq_josephine
Temple:   nicolae_temple_ecumenical_triangle

Skill      XL: |  1  2  3  4  5  6  7  8  9 10 11 |
---------------+----------------------------------+-----
Conjurations   | 5 6 7 8 9 10 11 12 | 12.1
Spellcasting   | 4 5 6 8 10 11 13 14 | 14.3
Translocations | 1 2 3 5 6 7 |  7.1
Hexes          | 2 5 6 |  6.4
Fighting       | 2 3 |  3.4
Earth Magic    | 2 3 |  3.5
Dodging        | |  2.4
Stealth        | |  2.4
Unarmed Combat | |  0.6

Action                   |  1- 3 |  4- 6 |  7- 9 | 10-12 || total
-------------------------+-------+-------+-------+-------++-------
Melee: Unarmed           |       |       |     7 |       ||     7
       Dagger            |       |       |     5 |       ||     5
       Staff             |       |       |       |     2 ||     2
 Cast: Magic Dart        |    45 |   104 |   139 |    99 ||   387
       Searing Ray       |     2 |     7 |    43 |    49 ||   101
       Iskenderun's Myst |       |       |     9 |    27 ||    36
       Fulminant Prism   |       |       |     6 |     8 ||    14
  Use: Scroll            |       |     6 |     3 |     5 ||    14
       Potion            |       |     2 |     4 |     3 ||     9
Armor: Robe              |     3 |     5 |    14 |       ||    22
       Skin              |       |       |     2 |       ||     2
       Steam dragon scal |       |       |     5 |    47 ||    52
Dodge: Dodged            |     7 |    19 |    94 |    52 ||   172
Block: Other             |       |       |       |    10 ||    10
